 Dungeon Crawl Stone Soup version 0.22.1-1-ga44c0e5 (webtiles) character file.

177 Folque the Bolt Thrower (level 5, 0/33 HPs)
             Began as a Kobold Hunter on Sept 27, 2018.
             Slain by Purgy (7 damage)
             ... in a sewer.
             The game lasted 00:11:42 (2689 turns).

Folque the Bolt Thrower (Kobold Hunter)             Turns: 2689, Time: 00:11:43

Health: 0/33       AC:  3    Str:  9    XL:     5   Next: 88%
Magic:  5/5        EV: 15    Int: 13    God:
Gold:   129        SH:  0    Dex: 16    Spells: 4/4 levels left

rFire    . . .     SeeInvis .   e - +0 short sword
rCold    . . .     Gourm    .   (shield restricted)
rNeg     . . .     Faith    .   c - +0 leather armour
rPois    .         Spirit   .   (no helmet)
rElec    .         Reflect  .   (no cloak)
rCorr    .         Harm     .   (no gloves)
MR       .....                  (no boots)
Stlth    ++........             (no amulet)
HPRegen  0.11/turn              (no ring)
MPRegen  0.09/turn              (no ring)

@: no status effects
A: small, carnivore
a: no special abilities


You were in a sewer.
You were completely stuffed.

You visited 1 branch of the dungeon, and saw 3 of its levels.
You also visited: Sewer.

You collected 129 gold pieces.

Inventory:

Hand Weapons
 e - a +0 short sword (weapon)
 k - a +0 hunting sling
 o - a +1 short sword of protection
 w - a +1 hand crossbow
Missiles
 l - 42 sling bullets
 m - 7 tomahawks (quivered)
 q - 16 bolts
Armour
 c - a +0 leather armour (worn)
Scrolls
 h - 3 scrolls of identify
 s - a scroll of enchant armour {unknown}
Potions
 a - a potion of might {unknown}
 b - 2 potions of mutation
 n - a potion of haste {unknown}
Comestibles
 f - 6 rations


   Skills:
 - Level 4.0 Fighting
 + Level 6.2 Crossbows
 + Level 1.3 Armour
 * Level 3.1 Dodging
 - Level 1.3 Stealth


You had 4 spell levels left.
You didn't know any spells.
Your spell library was empty.

Dungeon Overview and Level Annotations

Branches:
Dungeon (3/15)

Altars:
Uskayaw

Annotations:
Sewer Purgy


Innate Abilities, Weirdness & Mutations

You are small and have problems with some larger weapons.
You are carnivorous and can eat meat at any time.


Message History

Purgy is lightly wounded.
Purgy bites you. Purgy claws you. Purgy barely misses you.
You hit Purgy.
Purgy is lightly wounded.
Purgy barely misses you. Purgy claws you but does no damage.
Purgy barely misses you.
You closely miss Purgy.
Purgy is lightly wounded.
Purgy bites you! Purgy barely misses you. Purgy claws you.
You barely miss Purgy.
Purgy is lightly wounded.
Purgy closely misses you. Purgy claws you. x2
Okay, then.
Okay, then.
As you read the scroll labeled FAXAUFFA RYFU, it crumbles to dust.
The scroll dissolves into smoke.
It was a scroll of fog.
Purgy bites you but does no damage. Purgy claws you. x2
* * * LOW HITPOINT WARNING * * *
Purgy bites you!
You die...

≈≈≈≈≈≈≈ ≈≈≈≈≈≈≈ ≈≈≈≈≈≈≈
## ≈≈≈≈≈≈≈ .# ≈≈≈≈≈≈≈ .#
§§≈≈≈≈≈ ## ##§§≈≈≈≈≈ ##
##T§§≈≈≈≈≈ .###
#@§§§≈≈≈≈≈ ≈#.#
#.§≈§≈≈≈≈≈ ≈.###
#####.≈≈≈≈≈≈≈≈ ≈...#
##..≈.≈≈≈≈≈≈≈≈≈ ≈≈≈≈#
##..≈≈≈≈≈≈≈≈≈≈≈≈
≈≈≈.######..≈≈≈≈≈≈≈≈≈≈≈≈≈
≈≈≈≈≈..##≈≈≈≈≈≈≈≈≈≈≈≈≈≈#≈
≈≈≈≈≈.≈≈.≈≈≈≈≈≈≈≈≈≈≈≈≈≈#
≈≈≈≈≈≈≈≈≈≈≈≈≈≈≈≈≈≈≈≈≈###


You could see Purgy.

Vanquished Creatures
  7 adders
  A river rat (D:3)
  An ooze (D:2)
  3 worms
  3 dart slugs
  2 leopard geckos
  5 orcs (D:3)
  2 ball pythons
  6 giant cockroaches
  10 goblins
  7 hobgoblins
  7 jackals (D:3)
  8 bats
  7 frilled lizards
  8 kobolds
  3 rats
80 creatures vanquished.

Notes
Turn   | Place    | Note
-------+----------+-------------------------------------------
     0 | D:1      | Folque the Kobold Hunter began the quest for the Orb.
     0 | D:1      | Reached XP level 1. HP: 12/12 MP: 1/1
   132 | D:1      | Reached skill level 5 in Crossbows
   132 | D:1      | Reached XP level 2. HP: 4/18 MP: 2/2
   741 | D:1      | Reached XP level 3. HP: 23/23 MP: 3/3
  1003 | D:2      | Found a hide-covered altar of Uskayaw.
  1220 | D:2      | Reached XP level 4. HP: 17/29 MP: 4/4
  1295 | D:2      | Found a faded altar of an unknown god.
  1783 | D:3      | Reached XP level 5. HP: 33/33 MP: 5/5
  1927 | D:3      | Reached skill level 6 in Crossbows
  1965 | D:3      | Reached skill level 1 in Armour
  2253 | D:3      | Found a glowing drain.
  2343 | Sewer    | Entered a sewer
  2631 | Sewer    | Noticed Purgy
  2689 | Sewer    | Slain by Purgy

Skill      XL: |  1  2  3  4  5 |
---------------+----------------+-----
Crossbows      | 5 6 |  6.2
Fighting       | 3 4 |  4.0
Armour         | 1 |  1.3
Dodging        | 3 |  3.1
Stealth        | |  1.3

Action                   |  1- 3 |  4- 6 || total
-------------------------+-------+-------++-------
Melee: Short sword       |   120 |   151 ||   271
 Fire: Hand crossbow     |    10 |    52 ||    62
Throw: Tomahawk          |       |     1 ||     1
  Use: Scroll            |       |     5 ||     5
       Potion            |       |     4 ||     4
 Stab: Sleeping          |     1 |     1 ||     2
       Distracted        |       |     1 ||     1
  Eat: Chunk             |     9 |     5 ||    14
Armor: Leather armour    |    22 |    54 ||    76
Dodge: Dodged            |   120 |   244 ||   364
